 Dungeon Crawl Stone Soup version 0.29.1-1-gd02db69 (webtiles) character file.

Game seed: 13625532522830067273

410 Timinator the Insei (level 6, -2/48 HPs)
             Began as a Demigod Transmuter on Jan 14, 2023.
             Slain by a wight
             ... wielding a +2 long sword of freezing
              (5 damage)
             ... on level 4 of the Dungeon.
             The game lasted 00:11:20 (4505 turns).

Timinator the Insei (Demigod Transmuter)            Turns: 4505, Time: 00:11:20

Health: -2/48      AC:  5    Str: 15    XL:     6   Next: 31%
Magic:  10/11      EV: 12    Int: 15    God:
Gold:   134        SH:  0    Dex: 18    Spells: 6/9 levels left

rFire   . . .      SeeInvis .     - Unarmed
rCold   . . .      Faith    .   (no shield)
rNeg    . . .      Spirit   .   b - +0 ring mail
rPois   .          Reflect  .   (helmet currently unavailable)
rElec   .          Harm     .   (no cloak)
rCorr   .          Rampage  .   (no gloves)
Will    .....                   (boots currently unavailable)
Stlth   +.........              (no amulet)
HPRegen 0.16/turn               (no ring)
MPRegen 0.12/turn               (no ring)

@: appendages
A: horns 2, talons 2, high MP 1, forlorn, divine attributes
a: End Transformation


You were on level 4 of the Dungeon.
You had temporarily grown beastly horns and talons.
You visited 1 branch of the dungeon, and saw 4 of its levels.
You also visited: Sewer.

You collected 134 gold pieces.

Inventory:

Armour
 b - a +0 ring mail (worn)
Jewellery
 h - an amulet of guardian spirit
Scrolls
 c - a scroll of poison {unknown}
 d - a scroll of immolation {unknown}
 e - 2 scrolls of teleportation {unknown}
 f - 2 scrolls of identify
 g - a scroll of amnesia {unknown}
 i - a scroll of fear {unknown}
 k - 2 scrolls of enchant weapon {unknown}
Potions
 j - 5 potions of curing
 l - a potion of resistance
 m - 2 potions of invisibility


   Skills:
 + Level 2.1 Fighting
 * Level 2.6 Armour
 * Level 3.2 Dodging
 * Level 4.0 Unarmed Combat
 - Level 2.0 Spellcasting
 * Level 3.3 Transmutations


You had 6 spell levels left.
You knew the following spells:

 Your Spells              Type           Power      Damage    Failure   Level
a - Beastly Appendage     Tmut           22%        N/A       11%         1
b - Wereblood             Tmut           11%        N/A       17%         2

Your spell library contained the following spells:

 Spells                   Type           Power      Damage    Failure   Level
 Passwall                 Tmut/Erth      5%         N/A       32%         2
 Sandblast                Erth           2%         2d4       38%         1
 Spider Form              Tmut/Pois      6%         N/A       54%         3
 Gell's Gravitas          Tloc           1%         N/A       77%         3
 Stone Arrow              Conj/Erth      2%         3d7       77%         3
 Teleport Other           Tloc           1%         N/A       77%         3
 Ice Form                 Ice/Tmut       6%         N/A       91%         4
 Dispersal                Tloc           0%         N/A       100%        6


Dungeon Overview and Level Annotations

Branches:
Dungeon (4/15)              Sewer (visited)
 Temple: D:4-7

Annotations:
D:1 2 transporters


Innate Abilities, Weirdness & Mutations

You have temporarily grown beastly horns and talons.
You have an increased reservoir of magic. (+10% MP)
You shall have no god before yourself.
Your divine heritage dramatically boosts your attributes as you level up.


Message History

A wight comes into view.
It is wielding a +2 long sword of freezing.
Found a manual of Spellcasting.
You now have 134 gold pieces (gained 9).
You start resting.
A wight is nearby!
A kobold comes into view. It is wielding a +0 dagger.
The kobold shouts!
Casting: Beastly Appendage (safe; 11% risk of failure)
Confirm with . or Enter, or press ? or * to list all spells.
You grow a pair of large bovine horns.
Your feet morph into talons.
You closely miss the kobold. You claw the kobold.
You kill the kobold!
Casting: Beastly Appendage (safe; 11% risk of failure)
Confirm with . or Enter, or press ? or * to list all spells.
You extend your transformation's duration.
You hit the wight.
The wight is moderately damaged.
The wight hits you with a +2 long sword of freezing.
The wight freezes you.
You hit the wight but do no damage.
The wight is moderately damaged.
You hit the wight. You claw the wight.
The wight is severely damaged.
The wight hits you with a +2 long sword of freezing!
* * * LOW HITPOINT WARNING * * *
The wight freezes you.
* * * LOW HITPOINT WARNING * * *
You hit the wight. You punch the wight, but do no damage.
The wight is almost destroyed.
The wight hits you with a +2 long sword of freezing!
* * * LOW HITPOINT WARNING * * *
The wight freezes you.
* * * LOW HITPOINT WARNING * * *
Okay, then.
Okay, then.
Okay, then.
You barely miss the wight.
The wight is almost destroyed.
The wight hits you with a +2 long sword of freezing.
You die...

....# ..##.#.#
#K##.#.# ##.#.##.#.#
#.:.......#
#.##.z....# #.#.# #..#
#.##..###..#####
#z..)†)....z@.#
#..#.####..##.#)......
#. #. ###....###....#.
.. #.....## ..>.# ...
#.#...♣♣#..##.#
.....#.#...~~#.# #
....$...♣♣..~♣P.##
.......#♣~~~.~~♣~.#
♣♣♣~PP~.~P~~♣.


You could see a wight.

Vanquished Creatures
  2 bullfrogs (Sewer)
  2 iguanas (D:4)
  Natasha (D:4)
  Terence (D:2)
  5 adders
  2 worms
  2 dart slugs (D:3)
  5 bats
  17 endoplasms
  13 giant cockroaches
  8 goblins
  10 hobgoblins
  3 jackals (D:4)
  13 quokkas
  15 ball pythons
  14 frilled lizards
  6 kobolds
  3 rats
122 creatures vanquished.

Vanquished Creatures (others)
  A plant (D:4)
1 creature vanquished.

Grand Total: 123 creatures vanquished

Notes
Turn   | Place    | Note
-------+----------+-------------------------------------------
     0 | D:1      | Timinator the Demigod Transmuter began the quest for the
                  | Orb.
     0 | D:1      | Reached XP level 1. HP: 15/15 MP: 5/5
    77 | D:1      | Reached skill level 1 in Fighting
   118 | D:1      | Reached XP level 2. HP: 14/23 MP: 5/7
   697 | D:1      | Reached skill level 3 in Unarmed Combat
  1130 | D:2      | Noticed Terence
  1144 | D:2      | Killed Terence
  1145 | D:2      | Reached skill level 1 in Armour
  1145 | D:2      | Reached XP level 3. HP: 4/28 MP: 6/8
  1768 | D:2      | Reached XP level 4. HP: 15/35 MP: 9/9
  2610 | D:3      | Found a glowing drain.
  2652 | Sewer    | Entered a sewer
  3145 | Sewer    | Reached XP level 5. HP: 35/41 MP: 10/10
  3447 | Sewer    | Learned a level 2 spell: Wereblood
  3740 | D:3      | Reached XP level 6. HP: 47/48 MP: 11/11
  4423 | D:4      | Noticed Natasha
  4430 | D:4      | Killed Natasha
  4436 | D:4      | Reached skill level 4 in Unarmed Combat
  4505 | D:4      | Slain by a wight

Illustrated notes

Levels and vault maps discovered:
D:1:      spicycebolla_arrival_transporter_tutorial, layout_loops_cross,
          nicolae_ecumenical_snake_handling
D:2:      layout_basic, uniq_terence
D:3:      layout_loops_corners, portal_sewer_entry_f,
          amcnicky_mini_rare_corridor_liquid
D:4:      cheibrodos_barr_body, layout_loops_ring, nemelex_diamond_rough_becter,
          lightli_temple_of_fire, serial_bayou_ford_a, minmay_manual_mess,
          uniq_sigmund, uniq_natasha

Skill      XL: |  1  2  3  4  5  6 |
---------------+-------------------+-----
Fighting       | 1 2 |  2.1
Spellcasting   | 2 |  2.0
Transmutations | 2 3 |  3.3
Unarmed Combat | 3 4 |  4.0
Armour         | 1 2 |  2.6
Dodging        | 2 3 |  3.2

Action                   |  1- 3 |  4- 6 || total
-------------------------+-------+-------++-------
Melee: Unarmed           |    82 |   213 ||   295
       Kick              |    14 |    60 ||    74
       Headbutt          |    14 |    34 ||    48
       Punch             |     1 |     4 ||     5
 Cast: Beastly Appendage |    21 |    44 ||    65
       Wereblood         |       |     1 ||     1
  Use: Potion            |     1 |       ||     1
       Scroll            |       |     4 ||     4
 Stab: Sleeping          |     1 |     3 ||     4
Armor: Robe              |    13 |    28 ||    41
       Skin              |     3 |       ||     3
       Ring mail         |       |     6 ||     6
Dodge: Dodged            |    59 |   134 ||   193
